 Dungeon Crawl Stone Soup version 0.30.1-9-gdf580d7c3d (webtiles) character file.

Game seed: 15581308155191584404

40277 Emberosity the Fighter (level 13, -15/211 HPs)
             Began as a Troll Berserker on Oct 10, 2023.
             Was a Priest of Trog.
             Demolished by a polar bear (18 damage)
             ... on level 4 of the Lair of Beasts on Oct 11, 2023.
             The game lasted 03:08:09 (20808 turns).

Emberosity the Fighter (Troll Berserker)           Turns: 20808, Time: 03:08:09

Health: -15/211    AC: 26    Str: 32    XL:     13   Next: 73%
Magic:  12/12      EV:  1    Int:  3    God:    Trog [***...]
Gold:   655        SH:  0    Dex:  9    Spells: 12/12 levels left

rFire   + .          .
                       - Unarmed
rCold   . . .        (no shield)
rNeg    . . .        E - melded +1 steam dragon scales
rPois   +            (helmet currently unavailable)
rElec   .            D - melded scarf {rC+ rF+}
rCorr   .            (gloves unavailable)
SInv    .            (boots unavailable)
Will    .....        a - amulet of regeneration
Stlth   +            b - ring of protection from cold
HPRegen 2.15/turn    q - ring of fire
MPRegen 0.13/turn

%: no passive effects
@: tree-form, on berserk cooldown, slowed, studying Stealth, invisible, very
slow
A: stationary, stasis, torment immunity, boosted hp, large, unfitting armour,
(claws 3), regeneration 1, (shaggy fur 1), (tough skin 1)
a: Renounce Religion, Berserk, Trog's Hand


You were on level 4 of the Lair of Beasts.
You worshipped Trog.
Trog was most pleased with you.
You were a tree.
You visited 3 branches of the dungeon, and saw 15 of its levels.

You collected 774 gold pieces.
You spent 119 gold pieces at shops.

Inventory:

Missiles
 r - 4 throwing nets (quivered)
Armour
 t - a +1 robe of willpower
 B - a scarf of invisibility
 D - a scarf of resistance (melded)
 E - +1 steam dragon scales (melded)
Jewellery
 a - an amulet of regeneration (around neck)
 b - a ring of protection from cold (left branch)
 q - a ring of fire (right branch)
 y - a ring of fire
 C - a ring of ice
Wands
 l - a wand of flame (11)
 G - a wand of paralysis (3)
 I - a wand of acid (3)
Scrolls
 c - 3 scrolls of teleportation
 h - 2 scrolls of identify
 i - a scroll of torment {unknown}
 k - 2 scrolls of enchant weapon {unknown}
 n - a scroll of brand weapon
 o - a scroll of butterflies {unknown}
 p - 2 scrolls of fear {unknown}
 w - 5 scrolls of enchant armour
 x - 2 scrolls of amnesia {unknown}
 z - 2 scrolls of poison {unknown}
 A - a scroll of acquirement {unknown}
 H - a scroll of magic mapping {unknown}
Potions
 d - 2 potions of resistance {unknown}
 f - 2 potions of mutation
 g - a potion of flight {unknown}
 j - 2 potions of cancellation {unknown}
 s - 4 potions of curing
 u - a potion of haste {unknown}
 v - a potion of magic {unknown}
 F - a potion of degeneration {unknown}


   Skills:
 * Level 12.9 Fighting
 + Level 8.9 Armour
 + Level 9.4 Dodging
 + Level 10.9 Unarmed Combat
 + Level 4.2 Evocations


You had 12 spell levels left.
You didn't know any spells.
Your spell library was empty.

Dungeon Overview and Level Annotations

Branches:
Dungeon (9/15)             Temple (1/1) D:7            Lair (5/5) D:9
  Swamp (0/4) Lair:3        Snake (0/4) Lair:2        Slime (0/5) Lair:4
    Orc: D:9-12

Altars:
Ashenzari
Cheibriados
Dithmenos
Elyvilon
Fedhas
Gozag
Hepliaklqana
Kikubaaqudgha
Makhleb
Nemelex Xobeh
Okawaru
Qazlal
Ru
Sif Muna
Trog
Uskayaw
Vehumet
Wu Jian
Xom
Yredelemnul
Zin
The Shining One
Jiyva

Shops:
D:1 ?   D:3 :   D:5 :   D:6 [

Annotations:
D:6 1 runed translucent door, lonewolfV2's ghost, novice FoFi
D:7 THE STASH IS HERE
Lair:1 lol get fucked stupid faggot frog
Lair:2 hydra maybe
Lair:3 exclusion: oklob plant
Lair:4 3 runed translucent doors, coolio's ghost, journeyman DsEE


Innate Abilities, Weirdness & Mutations

You are a tree.
Your roots penetrate the ground, keeping you stationary.
You cannot be teleported.
You are immune to unholy pain and torment.
Your maximum health is greatly increased.
Your equipment is partially melded.
You are too large for most types of armour.
((You have claws for hands.))
Your natural rate of healing is unusually fast.
((You are covered in fur. (AC +1)))
((You have tough skin. (AC +1)))


Message History

You closely miss the wolf.
The wolf bites you but does no damage. x2
The polar bear bites you but does no damage.
The polar bear claws you but does no damage. x2
The yak gores you but does no damage.
You smack the wolf!
The wolf is heavily wounded.
The wolf bites you but does no damage. x2; The yak gores you!
* * * LOW HITPOINT WARNING * * *
You cannot move.
You hit the polar bear.
The polar bear is lightly wounded.
The wolf bites you but does no damage. x2
The polar bear bites you but does no damage.
The polar bear claws you.
* * * LOW HITPOINT WARNING * * *
The polar bear claws you but does no damage.
The yak gores you but does no damage.
You hit the polar bear. You punch the polar bear!
The polar bear is heavily wounded.
The wolf bites you but does no damage.
The polar bear bites you but does no damage.
The polar bear claws you but does no damage. x2
The yak gores you but does no damage. The wolf bites you but does no damage.
You smack the polar bear!
The polar bear is severely wounded.
The wolf bites you but does no damage. The polar bear bites you.
* * * LOW HITPOINT WARNING * * *
The polar bear claws you but does no damage. x2
The yak gores you!
* * * LOW HITPOINT WARNING * * *
The wolf bites you but does no damage. The yak gores you but does no damage.
The polar bear goes berserk!
The wolf bites you but does no damage.
You feel better. The wolf bites you but does no damage.
The polar bear bites you!
* * * LOW HITPOINT WARNING * * *
The polar bear claws you but does no damage. x2
The yak gores you!
* * * LOW HITPOINT WARNING * * *
The wolf bites you but does no damage. The polar bear bites you!!
You die...

### ### ## #####.# ###.#####
#######. .....##
#.......#######....... .....#
#...h÷....##..##......
.....#######...h♣................
.....#..#.#......Y..#...#.#......
......#...........P.######.......
.....#................# #P.......
....................### ##.......
....................######.......
..........#...........#.#.#......
.....###...#......#..#...........
...#......##........#............


You could see a polar bear (berserk, unable to see you), a yak (unable to see
you) and a wolf.

Vanquished Creatures
  A dire elephant (Lair:5)
  2 hydras
  A catoblepas (Lair:4)
  3 death yaks
  7 skysharks
  A lindwurm (Lair:4)
  A harpy (Lair:4)
  An eye of devastation (Lair:4)
  5 cane toads
  20 elephants
  A black mamba (Lair:3)
  12 komodo dragons
  2 rime drakes (Lair:4)
  3 hornets
  4 polar bears
  Prince Ribbit (Lair:1)
  A snapping turtle (Lair:4)
  6 dream sheep (Lair:1)
  11 blink frogs
  A shadow (D:9)
  A wraith (D:9)
  4 wyverns
  6 humans (D:6)
  3 basilisks
  A steam dragon (D:7)
  35 yaks
  3 nagas (Lair:2)
  10 water moccasins
  A floating eye (Lair:4)
  2 orc warriors
  3 black bears
  3 ice beasts
  4 sky beasts
  An ogre (D:6)
  14 wolves
  2 centaurs
  2 phantoms
  15 bullfrogs
  A gnoll sergeant (D:9)
  2 scorpions (D:5)
  4 wights (D:9)
  6 killer bees (D:9)
  4 howler monkeys
  An electric eel (Lair:1)
  A jelly (D:8)
  6 hounds
  2 gnoll boudas
  2 orc priests
  Jessica (D:3)
  5 hell rats
  An iguana (D:6)
  8 orc wizards
  17 gnolls
  8 adders
  A shadow imp (D:5)
  A white imp (D:6)
  An ufetubus (D:5)
  A worm (D:5)
  2 dart slugs
  33 orcs
  3 endoplasms
  8 giant cockroaches
  4 goblins
  9 hobgoblins
  A jackal (D:1)
  3 quokkas
  6 ball pythons
  3 bats
  4 frilled lizards
  3 kobolds
  2 rats (D:2)
348 creatures vanquished.

Notes
Turn   | Place    | Note
-------+----------+-------------------------------------------
     0 | D:1      | Emberosity the Troll Berserker began the quest for the Orb.
     0 | D:1      | Reached XP level 1. HP: 22/22 MP: 0/0
    44 | D:1      | Found a faded altar of an unknown god.
   169 | D:1      | Reached XP level 2. HP: 29/29 MP: 1/1
   334 | D:1      | Found The Oracle's Delphic Readings.
   422 | D:1      | Bought a scroll of noise for 14 gold pieces
   836 | D:2      | Reached skill level 3 in Fighting
   860 | D:2      | Reached skill level 1 in Armour
   860 | D:2      | Reached XP level 3. HP: 30/37 MP: 2/2
  1120 | D:2      | Reached ** piety under Trog
  1273 | D:2      | Reached XP level 4. HP: 45/45 MP: 3/3
  1477 | D:3      | Noticed Jessica
  1480 | D:3      | Killed Jessica
  1734 | D:1      | Bought a scroll of blinking for 105 gold pieces
  1962 | D:3      | Found Afriuf's Vocational Training.
  2226 | D:3      | Found a blossoming altar of Fedhas.
  2227 | D:3      | Found an opulent altar of Gozag.
  2227 | D:3      | Found a shimmering altar of Xom.
  2227 | D:3      | Found a shimmering blue altar of Sif Muna.
  2229 | D:3      | Found a basalt altar of Yredelemnul.
  2372 | D:3      | Reached XP level 5. HP: 54/54 MP: 4/4
  2534 | D:4      | Found a sacrificial altar of Ru.
  3167 | D:4      | Reached skill level 4 in Fighting
  3293 | D:4      | Reached XP level 6. HP: 62/62 MP: 5/5
  3557 | D:5      | Entered Level 5 of the Dungeon
  3623 | D:5      | Found a broken altar of Ashenzari.
  3787 | D:5      | Found Methrav's Self-Improvement Boutique.
  3808 | D:5      | Reached XP level 7. HP: 46/71 MP: 6/6
  3973 | D:5      | Reached *** piety under Trog
  4099 | D:5      | Reached skill level 5 in Fighting
  4474 | D:6      | Found a runed translucent door.
  4476 | D:6      | Noticed lonewolfV2's ghost (novice FoFi)
  4538 | D:6      | Found Aden's Antique Armour Emporium.
  4763 | D:6      | Reached XP level 8. HP: 81/81 MP: 7/7
  4885 | D:6      | Reached skill level 5 in Unarmed Combat
  4964 | D:6      | Reached skill level 6 in Fighting
  5103 | D:6      | Identified the +3 leather armour of Kethei Xedi {rCorr}
  5113 | D:6      | Reached skill level 5 in Dodging
  5122 | D:6      | Reached XP level 9. HP: 78/92 MP: 8/8
  5378 | D:6      | Reached skill level 7 in Fighting
  6233 | D:7      | Found a staircase to the Ecumenical Temple.
  6242 | Temple   | Entered the Ecumenical Temple
  7449 | D:7      | Identified the +5 hand axe of Iroasaot {pain, Will+}
  7467 | D:7      | Reached skill level 5 in Armour
  8021 | D:8      | Reached skill level 8 in Fighting
  8197 | D:8      | Reached XP level 10. HP: 104/104 MP: 9/9
  8941 | D:9      | Identified the +5 ring mail of Nasizuz {rElec}
  9202 | D:9      | Found a staircase to the Lair.
  9349 | D:9      | Paralysed by a hornet for 2 turns
  9457 | D:9      | Found a radiant altar of Vehumet.
  9473 | D:9      | Reached skill level 9 in Fighting
 10415 | Lair:1   | Entered Level 1 of the Lair of Beasts
 10588 | Lair:1   | Noticed a cane toad
 11765 | D:9      | Killed a cane toad
 11766 | D:9      | Reached XP level 11. HP: 115/115 MP: 10/10
 12394 | Lair:1   | Reached skill level 10 in Fighting
 14149 | Lair:1   | Reached XP level 12. HP: 128/128 MP: 11/11
 14237 | Lair:2   | Reached skill level 11 in Fighting
 14324 | Lair:2   | Noticed Prince Ribbit
 14472 | Lair:1   | Killed Prince Ribbit
 14709 | Lair:2   | Noticed a five-headed hydra
 15232 | Lair:2   | Found a staircase to the Snake Pit.
 15501 | Lair:2   | Killed a five-headed hydra
 15502 | Lair:2   | Reached skill level 1 in Evocations
 16037 | Lair:3   | Found a staircase to the Swamp.
 16227 | Lair:3   | Noticed a six-headed hydra
 16246 | Lair:3   | Killed a six-headed hydra
 16694 | Lair:2   | Reached skill level 10 in Unarmed Combat
 17544 | Lair:4   | Noticed a catoblepas
 17681 | Lair:4   | Noticed a death yak
 17681 | Lair:4   | Noticed a death yak
 17681 | Lair:4   | Noticed a death yak
 17899 | Lair:4   | Reached skill level 12 in Fighting
 18019 | Lair:3   | Reached XP level 13. HP: 121/140 MP: 12/12
 18610 | Lair:4   | Found a viscous altar of Jiyva.
 18610 | Lair:4   | Found a staircase to the Slime Pits.
 19149 | Lair:4   | Noticed coolio's ghost (journeyman DsEE)
 19323 | Lair:4   | Identified the +3 dagger of Recklessness {pain, *Corrode
                  | rF+++ rC+ Stlth+}
 19600 | Lair:4   | Found a runed translucent gate.
 19600 | Lair:4   | Found a runed translucent gate.
 19600 | Lair:4   | Found a runed translucent gate.
 19925 | Lair:5   | Entered Level 5 of the Lair of Beasts
 20042 | Lair:5   | Noticed a dire elephant
 20253 | Lair:4   | Paralysed by a hornet for 1 turns
 20258 | Lair:4   | Paralysed by a hornet for 3 turns
 20680 | Lair:5   | Paralysed by a hornet for 2 turns
 20786 | Lair:5   | Killed a dire elephant
 20801 | Lair:4   | HP: 8/211 [polar bear (3)]
 20807 | Lair:4   | HP: 7/211 [yak (10)]
 20808 | Lair:4   | HP: 3/211 [yak (9)]
 20808 | Lair:4   | Demolished by a polar bear

Illustrated notes

Levels and vault maps discovered:
D:1:      dpeg_arrival_arbitrary_c, layout_rooms, ebering_ecumenical_altar_webs,
          ebering_dispersal_statue_hall, nicolae_nh_oracle_at_delphi
D:2:      minmay_chambers_of_ones, layout_loops_ring
D:3:      layout_loops_ring, minitemple, hex_large, kennysheep_doodads,
          nicolae_shop_vocational, uniq_jessica
D:4:      layout_cave_pods, nicolae_ru_awakened_eye
D:5:      layout_loops_ring, kennysheep_mini_moat, nicolae_shop_self_help
D:6:      layout_cave_pods, serial_shops, shop, ebering_ghost_sewer_d,
          gup_sewer_entry_bowl, minmay_ruffians
D:7:      layout_loops_cross, minmay_temple_entry_ruins
D:8:      layout_loops_ring
D:9:      layout_loops_ring, kennysheep_mini, grunt_lair_entry_orc_guard_hut
Temple:   minmay_temple_curvy_branch
Lair:1:   layout_misc_corridors, serial_bayou_shore_a
Lair:2:   layout_gridlike, minmay_snake_entry_guardpost_small,
          beast_lair_carwin_9, uniq_prince_ribbit2
Lair:3:   layout_roguey, swamp_mist_pool
Lair:4:   layout_gridlike, minmay_slime_entry_eyes, gammafunk_ghost_icy
Lair:5:   gammafunk_lair_ancient_temple, layout_regular_city,
          hibernation_bobbens, serial_bayou_shore_b

Skill      XL: |  1  2  3  4  5  6  7  8  9 10 11 12 13 |
---------------+----------------------------------------+-----
Fighting       | 3 4 5 6 8 9 10 12 | 12.9
Armour         | 1 2 3 4 5 6 7 8 |  8.9
Dodging        | 3 4 5 6 7 8 9 |  9.4
Unarmed Combat | 4 5 6 8 9 10 | 10.9
Evocations     | 2 4 |  4.2

Action                     |  1- 3 |  4- 6 |  7- 9 | 10-12 | 13-15 || total
---------------------------+-------+-------+-------+-------+-------++-------
  Melee: Unarmed           |    79 |   134 |   238 |   612 |   208 ||  1271
         Punch             |     2 |     1 |     7 |    32 |    25 ||    67
  Throw: Throwing net      |       |       |       |     1 |       ||     1
 Invoke: Berserk           |       |     2 |    17 |    49 |    16 ||    84
         Trog's Hand       |       |       |       |     1 |       ||     1
  Evoke: Wand              |       |       |    11 |    10 |       ||    21
    Use: Scroll            |       |     1 |     6 |    11 |     2 ||    20
         Potion            |       |       |       |    11 |     7 ||    18
   Stab: Paralysed         |       |       |       |     1 |       ||     1
 Armour: Animal skin       |    28 |    17 |       |       |       ||    45
         Robe              |       |    20 |    39 |       |       ||    59
         Steam dragon scal |       |       |    15 |   215 |    99 ||   329
         Skin              |       |       |       |    21 |    73 ||    94
  Dodge: Dodged            |    26 |    53 |    99 |   355 |   157 ||   690
